 Dungeon Crawl Stone Soup version 0.31-a0-185-g9dded2c639 (webtiles) character file.

Game seed: 3040199347912880351

122 qw the Skirmisher (level 4, -1/25 HPs)
             Began as a Deep Elf Hunter on June 22, 2023.
             Slain by a scorpion (7 damage)
             ... on level 4 of the Dungeon.
             The game lasted 00:00:51 (2555 turns).

qw the Skirmisher (Deep Elf Hunter)                 Turns: 2555, Time: 00:00:51

Health: -1/25      AC:  4    Str: 10    XL:     4   Next: 78%
Magic:  6/6        EV: 12    Int: 14    God:
Gold:   189        SH:  0    Dex: 18    Spells: 3/3 levels left

rFire   . . .        Y - +1 shortbow (flame)
rCold   . . .        (shield currently unavailable)
rNeg    . . .        c - +0 leather armour
rPois   .            a - +0 helmet
rElec   .            (no cloak)
rCorr   .            (no gloves)
SInv    .            (no boots)
Will    .....        d - amulet of the acrobat
Stlth   ++           (no ring)
HPRegen 0.24/turn    (no ring)
MPRegen 0.10/turn

%: acrobat
@: about to teleport
A: no striking features
a: no special abilities


You were on level 4 of the Dungeon.
You visited 1 branch of the dungeon, and saw 4 of its levels.

You collected 189 gold pieces.


   Skills:
 - Level 1.5 Fighting
 + Level 8.2 Ranged Weapons
 - Level 2.4 Dodging
 - Level 1.2 Stealth


You had 3 spell levels left.
You didn't know any spells.
Your spell library was empty.

Inventory:

Hand Weapons
 Y - a +1 shortbow of flaming (weapon)
Armour
 a - a +0 helmet (worn)
 c - a +0 leather armour (worn)
Jewellery
 d - an amulet of the acrobat (around neck)
Scrolls
 f - a scroll of teleportation
Potions
 b - a potion of might {unknown}
 g - a potion of curing {unknown}
 h - a potion of lignification {unknown}

Dungeon Overview and Level Annotations

Branches:
Dungeon (4/15)
 Temple: D:4-7

Altars:
Dithmenos
Vehumet
Wu Jian
Zin


Message History

Enter note:
There is an open door, spattered with blood here.
As you open the door, it creaks loudly!
A giant cockroach comes into view.
Found a ring mail.
Enter note: You shoot an arrow.
The arrow hits the giant cockroach!
The arrow burns the giant cockroach.
You kill the giant cockroach!
A scorpion comes into view.
You shoot an arrow. The arrow closely misses the scorpion.
Enter note: You shoot an arrow.
The arrow barely misses the scorpion.
The scorpion stings you but does no damage.
The scorpion misses you.
You shoot an arrow. The arrow hits the scorpion.
The arrow burns the scorpion.
The scorpion is lightly wounded.
The scorpion stings you!
You shoot an arrow. The arrow closely misses the scorpion.
The scorpion barely misses you.
You shoot an arrow. The arrow closely misses the scorpion.
The scorpion stings you.
You shoot an arrow. The arrow hits the scorpion!
The arrow burns the scorpion.
The scorpion is severely wounded.
The scorpion stings you but does no damage.
The scorpion stings you.
You shoot an arrow.
The arrow completely misses the scorpion.
The scorpion closely misses you.
You shoot an arrow. The arrow barely misses the scorpion.
The scorpion stings you!
You shoot an arrow.
The arrow hits the scorpion but does no damage.
The scorpion is severely wounded.
The scorpion stings you.
2555 ||| READING 2 scrolls of teleportation.
As you read the scroll of teleportation, it crumbles to dust.
You feel strangely unstable. The scorpion barely misses you.
The scorpion stings you!
You die...

#..[.%..'...'.......#
#.......#...#.......#
##.....##...##.....##
##...###...###...##
##### #...# #####
#...# ...# #...#
..... #...#......
+..@s..%.[. ######
#...#...... .....#
#...##..... ####.#
#...# #...# ####.#
#...# #### #....#
#...# #.#### #...#
#.# #...# #.#


You could see a scorpion.

Vanquished Creatures
  An iguana (D:4)
  Robin (D:3)
  An adder (D:2)
  2 worms (D:2)
  5 dart slugs
  3 ball pythons
  7 bats
  4 endoplasms
  3 giant cockroaches
  11 goblins
  4 hobgoblins
  3 quokkas
  A frilled lizard (D:1)
  5 kobolds
  7 rats
58 creatures vanquished.

Notes
Turn   | Place    | Note
-------+----------+-------------------------------------------
     0 | D:1      | qw the Deep Elf Hunter began the quest for the Orb.
     0 | D:1      | Reached XP level 1. HP: 12/12 MP: 3/3
     0 | D:1      | 0 ||| qw: Version: 0.3-a-9-g12657ce
     0 | D:1      | 0 ||| qw: Game counter: 1770
     0 | D:1      | 0 ||| qw: Always use a shield: true
     0 | D:1      | 0 ||| qw: God list: Okawaru
     0 | D:1      | 0 ||| qw: Allow faded altars: false
     0 | D:1      | 0 ||| qw: Do Orc after D:15 true
     0 | D:1      | 0 ||| qw: Do second Lair branch before Depths: true
     0 | D:1      | 0 ||| qw: Lair rune preference: random
     0 | D:1      | 0 ||| qw: Plans: Normal
     0 | D:1      | 0 ||| PLANNING D:1-11
   206 | D:1      | Reached skill level 6 in Ranged Weapons
   206 | D:1      | Reached XP level 2. HP: 16/16 MP: 4/4
   254 | D:1      | 254 ||| FLEEEEING.
   264 | D:1      | 264 ||| FLEEEEING.
   265 | D:1      | 265 ||| FLEEEEING.
   759 | D:1      | 759 ||| UPGRADING to amulet of the acrobat.
   764 | D:1      | 764 ||| READING scroll labelled EKU BYPSECA.
   765 | D:1      | 765 ||| READING 2 scrolls labelled GITOTEEMUP.
   770 | D:1      | 770 ||| DROPPING scroll of butterflies.
   851 | D:2      | Reached XP level 3. HP: 20/20 MP: 5/5
  1074 | D:2      | Reached skill level 7 in Ranged Weapons
  1378 | D:2      | 1378 ||| READING scroll labelled ZULOAVVIFEI.
  1379 | D:2      | 1379 ||| READING scroll labelled JEIFARPHINU.
  1380 | D:2      | 1380 ||| READING scroll labelled LYINAL VOLE.
  1525 | D:3      | Found a faded altar of an unknown god.
  1534 | D:3      | 1534 ||| FLEEEEING.
  1642 | D:3      | Reached XP level 4. HP: 25/25 MP: 6/6
  1861 | D:3      | Noticed Robin
  1864 | D:3      | Killed Robin
  2021 | D:3      | Found a glowing silver altar of Zin.
  2021 | D:3      | Found a radiant altar of Vehumet.
  2028 | D:3      | Found a faded altar of an unknown god.
  2030 | D:3      | Found an ornate altar of the Wu Jian Council.
  2032 | D:3      | Found a shadowy altar of Dithmenos.
  2178 | D:3      | 2178 ||| UPGRADING to +0 helmet.
  2183 | D:3      | 2183 ||| READING scroll labelled JOEFRA SOSCHUJA.
  2184 | D:3      | 2184 ||| READING scroll labelled FEORAU UPSIN EVOAC.
  2185 | D:3      | 2185 ||| READING 3 scrolls labelled ENOVOF LOIH.
  2186 | D:3      | 2186 ||| DROPPING 2 scrolls of poison.
  2188 | D:3      | 2188 ||| Stepping ~*~*~tactically~*~*~ (cloud).
  2196 | D:3      | HP: 6/25 [poisoned by you (poison gas)]
  2465 | D:4      | Reached skill level 8 in Ranged Weapons
  2544 | D:4      | Noticed a scorpion
  2554 | D:4      | HP: 6/25 [scorpion (1)]
  2555 | D:4      | 2555 ||| READING 2 scrolls of teleportation.
  2555 | D:4      | Slain by a scorpion

Levels and vault maps discovered:
D:1:      zelgadis_glass_arrival_small, layout_basic
D:2:      layout_basic, serial_curves, eino_curves_04, eino_curves_03
D:3:      layout_loops_cross, chequers_temple_overflow_minitemple,
          ebering_ecumenical_altar_abandoned, uniq_robin
D:4:      kennysheep_six_static_rooms, layout_basic, serial_bayou_pond_e,
          minmay_misc_feat_secret_circle

Skill      XL: |  1  2  3  4 |
---------------+-------------+-----
Ranged Weapons | 6 7 8 |  8.2
Fighting       | |  1.5
Dodging        | |  2.4
Stealth        | |  1.2

Action                     |  1- 3 |  4- 6 || total
---------------------------+-------+-------++-------
   Fire: Shortbow          |    87 |    42 ||   129
    Use: Scroll            |     5 |     4 ||     9
 Armour: Leather armour    |     6 |     2 ||     8
  Dodge: Dodged            |    13 |     6 ||    19

Table legend:
 A = Non-vault XP
 B = Vault XP
 C = Vault XP percentage of total XP
 D = Non-vault monster count
 E = Vault monster count
 F = Vault count percentage of total count
                 A         B        C        D         E       F
            +---------+---------+-------+---------+---------+-------
      Total |      98 |      77 |  44.0 |      44 |      14 |  24.1
            +---------+---------+-------+---------+---------+-------
        D:1 |      39 |       0 |   0.0 |      22 |       0 |   0.0
        D:2 |      50 |       0 |   0.0 |      18 |       0 |   0.0
        D:3 |       9 |      35 |  79.5 |       4 |      11 |  73.3
        D:4 |       0 |      42 | 100.0 |       0 |       3 | 100.0
            +---------+---------+-------+---------+---------+-------
